 Dungeon Crawl Stone Soup version 0.30.1 (webtiles) character file.

Game seed: 9286758158391175391

1217 Graphine the Digger (level 8, -2/66 HPs)
             Began as a Pale Draconian Earth Elementalist on July 6, 2023.
             Killed from afar by a gargoyle (23 damage)
             ... with a stone arrow
             ... on level 6 of the Dungeon.
             The game lasted 00:12:39 (5627 turns).

Graphine the Digger (DrEE)                          Turns: 5627, Time: 00:12:41

Health: -2/66      AC:  6    Str: 11    XL:     8   Next: 22%
Magic:  13/13      EV: 18    Int: 18    God:
Gold:   349        SH:  0    Dex: 11    Spells: 5/14 levels left

rFire   + .          .
                       - Unarmed
rCold   . . .        (no shield)
rNeg    . . .        (body armour unavailable)
rPois   .            (helmet currently unavailable)
rElec   .            (no cloak)
rCorr   .            (no gloves)
SInv    .            (boots currently unavailable)
Will    .....        l - amulet of regeneration
Stlth   ++           p - +5 ring of evasion
HPRegen 1.11/turn    o - ring of protection from fire
MPRegen 0.13/turn

%: no passive effects
@: appendages
A: horns 2, talons 2, breathe steam, AC +6, unfitting armour, cold-blooded,
steam resistance
a: Breathe Steam, End Transformation


You were on level 6 of the Dungeon.
You had temporarily grown beastly horns and talons.
You visited 1 branch of the dungeon, and saw 6 of its levels.

You collected 349 gold pieces.

Inventory:

Jewellery
 l - an amulet of regeneration (around neck)
 o - a ring of protection from fire (right hand)
 p - a +5 ring of evasion (left hand)
Wands
 i - a wand of flame (17)
 q - a wand of iceblast (12)
 r - a wand of digging (5)
Scrolls
 b - a scroll of identify
 e - 4 scrolls of teleportation
 g - a scroll of fear
Potions
 a - 2 potions of magic
 c - 2 potions of mutation
 d - a potion of curing
 f - 2 potions of might
 j - 2 potions of heal wounds {unknown}
 k - a potion of berserk rage {unknown}
 n - 2 potions of invisibility {unknown}


   Skills:
 + Level 3.9 Fighting
 + Level 3.7 Dodging
 - Level 1.7 Stealth
 + Level 3.5 Unarmed Combat
 + Level 3.8 Spellcasting
 + Level 3.4 Transmutations
 * Level 6.1 Earth Magic


You had 5 spell levels left.
You knew the following spells:

 Your Spells              Type           Power      Damage    Failure   Level
a - Sandblast             Erth           50%        2d12      1%          1
b - Stone Arrow           Conj/Erth      28%        3d8       13%         3
c - Passwall              Tmut/Erth      16%        N/A       3%          2
d - Beastly Appendage     Tmut           30%        N/A       3%          1
e - Wereblood             Tmut           15%        N/A       5%          2

Your spell library contained the following spells:

 Spells                   Type           Power      Damage    Failure   Level
 Summon Small Mammal      Summ           12%        N/A       16%         1
 Spider Form              Tmut/Pois      9%         N/A       22%         3
 Petrify                  Tmut/Erth      20%        N/A       22%         4
 Call Canine Familiar     Summ           3%         N/A       41%         3
 Summon Guardian Golem    Hex/Summ       3%         N/A       41%         3
 Tukima's Dance           Hex            3%         N/A       41%         3
 Passage of Golubria      Tloc           3%         N/A       83%         4
 Yara's Violent Unravell  Hex/Tmut       4%         3d4       91%         5
 Iskenderun's Battlesphe  Conj           3%         2d6       99%         5
 Iron Shot                Conj/Erth      7%         9d2       100%        6
 Spellforged Servitor     Conj/Summ      1%         N/A       100%        7


Dungeon Overview and Level Annotations

Branches:
Dungeon (6/15)
 Temple: D:4-7

Altars:
Fedhas
Kikubaaqudgha
Makhleb
Zin

Shops:
D:6 [


Innate Abilities, Weirdness & Mutations

You have temporarily grown beastly horns and talons.
You can breathe blasts of scalding, opaque steam.
Your pale cyan-grey scales are hard. (AC +6)
You cannot fit into any form of body armour.
You are cold-blooded and may be slowed by cold attacks.
You are immune to the effects of steam.


Message History

The gargoyle is severely damaged.
The gargoyle hits you with a +0 mace.
The blast of sand hits the gargoyle but does no damage.
The gargoyle is severely damaged.
The gargoyle closely misses you. x2
The blast of sand hits the gargoyle but does no damage.
The gargoyle is severely damaged.
The gargoyle closely misses you.
The blast of sand hits the gargoyle but does no damage.
The gargoyle is severely damaged.
The gargoyle hits you with a +0 mace! The gargoyle barely misses you.
Casting: Sandblast (safe; 1% risk of failure)
Confirm with . or Enter, or press ? or * to list all spells.
You grow a pair of large bovine horns.
Your feet morph into talons.
The gargoyle hits you with a +0 mace!!
* * * LOW HITPOINT WARNING * * *
You feel better.
The gargoyle hurls a stone arrow at you.
The stone arrow hits you!
* * * LOW HITPOINT WARNING * * *
You are confused.
You feel invigorated. The gargoyle hits you with a +0 mace!
* * * LOW HITPOINT WARNING * * *
You closely miss the gargoyle.
You claw the gargoyle, but do no damage.
The gargoyle is severely damaged.
The gargoyle hurls a stone arrow at you.
The stone arrow misses you.
You barely miss the gargoyle.
You claw the gargoyle, but do no damage.
The gargoyle is severely damaged.
The gargoyle hurls a stone arrow at you.
The stone arrow misses you.
You hit the gargoyle.
The gargoyle is severely damaged.
You feel less invigorated.
You feel less confused.
The gargoyle hurls a stone arrow at you.
The stone arrow hits you!!
You die...

#.#..# #.# ##.##
###.#..# #.# #.#
.......# #.# #.#
#.###.## #.# #.# #.# #.#
#.# #.# #.# #.#
#.#####.#### #.#
#.####..........# #.#
#............9..#
#.####..........@#......
#......########### .....
######## ####


You could see a gargoyle.

Vanquished Creatures
  A water moccasin (D:6)
  A black bear (D:5)
  2 ice beasts
  2 centaurs
  2 phantoms
  A scorpion (D:4)
  4 hounds
  An orc priest (D:6)
  Ijyb (D:5)
  3 iguanas
  7 gnolls
  5 adders
  A shadow imp (D:5)
  3 worms
  5 dart slugs
  6 orcs
  12 endoplasms
  3 giant cockroaches
  11 goblins
  2 hobgoblins
  8 jackals
  6 quokkas
  7 ball pythons
  7 bats
  2 frilled lizards
  4 kobolds
  6 rats
113 creatures vanquished.

Notes
Turn   | Place    | Note
-------+----------+-------------------------------------------
     0 | D:1      | Graphine the Draconian Earth Elementalist began the quest
                  | for the Orb.
     0 | D:1      | Reached XP level 1. HP: 14/14 MP: 3/3
   159 | D:1      | Reached XP level 2. HP: 12/22 MP: 0/5
   677 | D:1      | Reached skill level 1 in Fighting
   892 | D:1      | Reached XP level 3. HP: 28/28 MP: 3/6
  1297 | D:1      | Learned a level 3 spell: Stone Arrow
  1300 | D:1      | Learned a level 2 spell: Passwall
  1330 | D:2      | Reached skill level 1 in Unarmed Combat
  1886 | D:2      | Reached XP level 4. HP: 33/35 MP: 3/7
  2431 | D:2      | Learned a level 1 spell: Beastly Appendage
  2925 | D:3      | Reached skill level 4 in Earth Magic
  2925 | D:3      | Reached XP level 5. HP: 41/41 MP: 4/8
  3524 | D:3      | Found a faded altar of an unknown god.
  3748 | D:4      | Learned a level 2 spell: Wereblood
  3999 | D:4      | Noticed a phantom
  4014 | D:4      | Killed a phantom
  4015 | D:4      | Reached XP level 6. HP: 41/49 MP: 4/10
  4074 | D:4      | Found a burning altar of Makhleb.
  4399 | D:4      | Found a blossoming altar of Fedhas.
  4458 | D:5      | Entered Level 5 of the Dungeon
  4630 | D:5      | Reached skill level 5 in Earth Magic
  4630 | D:5      | Your scales start taking on a pale cyan-grey colour.
  4630 | D:5      | Reached XP level 7. HP: 41/56 MP: 2/11
  4630 | D:5      | Gained mutation: You are immune to the effects of steam.
                  | [Pale Draconian growth]
  4716 | D:5      | Found an ancient bone altar of Kikubaaqudgha.
  4735 | D:5      | Noticed Ijyb
  4748 | D:5      | Killed Ijyb
  5104 | D:5      | Found a glowing silver altar of Zin.
  5104 | D:5      | Noticed an angel
  5330 | D:6      | Reached XP level 8. HP: 65/66 MP: 8/13
  5416 | D:6      | Found Vued's Antique Armour Shop.
  5436 | D:6      | Reached skill level 6 in Earth Magic
  5606 | D:6      | Noticed a gargoyle
  5623 | D:6      | HP: 1/66 [gargoyle/+0 mace (12)]
  5627 | D:6      | Killed from afar by a gargoyle

Illustrated notes

Levels and vault maps discovered:
D:1:      ncdulo_wetmaze, layout_basic
D:2:      layout_basic, minmay_misc_feat_rows, chequers_serial_rivers_micro_c,
          kennysheep_generic_room_12
D:3:      layout_basic, hellmonk_ecumenical_altar_leap_of_faith,
          wander_ebering_terrifying_dragon_lair
D:4:      layout_rooms, mainiacjoe_overflow_brackets, makhleb_heckhound_becter,
          serial_park_tiny_pond, minmay_misc_feat_tiny, hangedman_decor_points
D:5:      layout_cave_pools, zin_angel, kennysheep_mini, uniq_ijyb
D:6:      layout_loops_ring, serial_shops,
          nicolae_shop_temple_entry_statues_fountains, minivault_14,
          minmay_misc_feat_plants, feat_on_display

Skill      XL: |  1  2  3  4  5  6  7  8 |
---------------+-------------------------+-----
Dodging        | 2 3 |  3.7
Fighting       | 1 2 3 |  3.9
Unarmed Combat | 1 2 3 |  3.5
Earth Magic    | 4 5 6 |  6.1
Transmutations | 2 3 |  3.4
Spellcasting   | 3 |  3.8
Stealth        | |  1.7

Action                     |  1- 3 |  4- 6 |  7- 9 || total
---------------------------+-------+-------+-------++-------
  Melee: Unarmed           |    20 |    26 |    22 ||    68
         Tailslap          |     1 |     5 |     3 ||     9
         Punch             |     1 |     1 |       ||     2
         Kick              |       |     5 |     9 ||    14
         Headbutt          |       |     1 |     3 ||     4
   Cast: Sandblast         |    69 |    84 |    53 ||   206
         Beastly Appendage |       |     5 |     5 ||    10
         Wereblood         |       |     2 |     2 ||     4
Ability: Breathe Steam     |       |       |     8 ||     8
    Use: Scroll            |     4 |     6 |     1 ||    11
         Potion            |       |     2 |     2 ||     4
 Armour: Skin              |    18 |    21 |     9 ||    48
  Dodge: Dodged            |    26 |    54 |    52 ||   132
